cohdb
Replays
Latest Replays
All Replays
Popular Replays
Top Player Replays
Match Explorer
How It Works
Community
CoH3 Stats
Reddit
Sign in to upload your games and track your stats! →
Sign in with Steam
Match 46730318
Unlisted
Match 46730318
Overview
Messages
Build Orders
End
Pioneer Squad
Construct Infanterie Kompanie
Grenadier Squad
MG 42 Machine Gun Team
Grenadier Squad
Construct Luftwaffe Kompanie
Jäger Squad
Support Elements
Selects Breakthrough Battlegroup
Construct Panzer Kompanie
Panzer IV Medium Tank
Medical Station
Panzer IV Medium Tank
Side Skirts
Panzer Officer Quarters
Kcodarc
象棋大师
Happy PanzerVI
thecrazycowboygeneral
Bubbciss
-=GX=-
0
0
Comments
sign in to comment!
No comments posted yet!